 Dungeon Crawl Stone Soup version 0.30.1-9-gdf580d7c3d (webtiles) character file.

Game seed: 836713793234558666

1620196 LordWeiramon the Ninja (level 27, 199/199 HPs)
             Began as a Kobold Hunter on Oct 3, 2023.
             Was a High Priest of Ashenzari.
             Escaped with the Orb
             ... and 3 runes on Oct 4, 2023!
             The game lasted 05:56:33 (77029 turns).

LordWeiramon the Ninja (Kobold Hunter)             Turns: 77029, Time: 05:56:34

Health: 199/199    AC: 32    Str: 10    XL:     27
Magic:  11/25      EV: 61    Int:  8    God:    Ashenzari [*****.]
Gold:   2043       SH: 26    Dex: 51    Spells: 31/33 levels left

rFire   + + .        a - +7 rapier (speed)
rCold   + . .        p - +2 kite shield
rNeg    + . .        y - +7 swamp dragon scales of Cremastomancy {rPois, Fort, Alch} (curse)
rPois   +            U - -2 hat of the Alchemist {rElec rPois rF+ rC+ rN+ Will+ rMut rCorr, Evo, Fort} (curse)
rElec   +            N - +2 cloak of Apeoromancy {rF+, Bglg, Fort} (curse)
rCorr   +            s - +3 Mad Mage's Maulers {Infuse+∞ VampMP -Cast, Fort, Melee} (curse)
SInv    +            m - +3 pair of boots "Fetters of Ashenzari" {rPois Regen+, Fort, Evo} (curse)
Will    +++..        q - amulet of the Distant Gloom {Spirit rCorr Int-3 Dex+9 Stlth-, Self, Range} (curse)
Stlth   ++++         r - ring "Gaze Upon Infinity" {rElec Dex+6, Melee, Fort} (curse)
HPRegen 1.33/turn    W - ring "Share My Mistrust" {Dex+6, Evo, Range} (curse)
MPRegen 0.19/turn

%: no spellcasting, clarity, resist mutation, guardian spirit, infuse magic (11
MP)
@: studying Poison Magic
A: small, no large weapons, nightstalker 3, low MP 1
0: Orb of Zot
}: 3/15 runes: decaying, silver, gossamer
a: Renounce Religion, Shatter the Chains


You escaped.
You worshipped Ashenzari.
Ashenzari was extremely pleased with you.
You visited 10 branches of the dungeon, and saw 48 of its levels.
You visited 1 bazaar.
You also visited: Trove, Gauntlet, Ice Cave, Volcano and Wizlab.

You collected 7280 gold pieces.
You spent 5237 gold pieces at shops.

Inventory:

Hand Weapons
 a - a +7 rapier of speed (weapon)
Missiles
 l - 18 poisoned darts
 A - 19 atropa-tipped darts
 R - 20 curare-tipped darts
 S - 4 throwing nets (quivered)
Armour
 m - the cursed +3 pair of boots "Fetters of Ashenzari" (worn) {rPois Regen+, Fort, Evo}
   (You found it in a Gauntlet)

   rPois:     It protects you from poison.
   Regen:     It increases your rate of health regeneration.
   It has a curse which improves the following skills: Fortitude: Armour and
   Shields.
   Evocations: Evocations.
 p - a +2 kite shield (worn)
 s - the cursed +3 Mad Mage's Maulers (worn) {Infuse+∞ VampMP -Cast, Fort, Melee}
   (You bought it in a shop on level 3 of the Depths)

   Infuse+∞: It empowers its wearer's blows with all of their magic.
   VampMP:    Blows struck in melee replenish the wearer's magic.
   -Cast:     It prevents spellcasting.
   It has a curse which improves the following skills: Fortitude: Armour and
   Shields.
   Melee Combat: Short Blades, Long Blades, Axes, Maces & Flails, Polearms,
   Staves and Unarmed Combat.
 w - the +4 dragonskin cloak
   (You took it off Tiamat on level 3 of the Realm of Zot)

   Avatar's Aegis: It grants the wearer a chance to resist fire, cold, poison,
   electricity, acid, and negative energy.
 y - the cursed +7 swamp dragon scales of Cremastomancy (worn) {rPois, Fort, Alch}
   (You found it on level 3 of the Swamp)

   rPois:     It protects you from poison.
   It has a curse which improves the following skills: Fortitude: Armour and
   Shields.
   Alchemy:   Poison Magic and Transmutations.
 N - the cursed +2 cloak of Apeoromancy (worn) {rF+, Bglg, Fort}
   (You found it in a volcano)

   It has a curse which improves the following skills: Beguiling: Conjurations,
   Hexes and Translocations.
   Fortitude: Armour and Shields.
 U - the cursed -2 hat of the Alchemist (worn) {rElec rPois rF+ rC+ rN+ Will+ rMut rCorr, Evo, Fort}
   (You found it on level 1 of the Vaults)

   rF:        It protects you from fire.
   rC:        It protects you from cold.
   rElec:     It insulates you from electricity.
   rPois:     It protects you from poison.
   rN:        It protects you from negative energy.
   rCorr:     It protects you from acid and corrosion.
   rMut:      It protects you from mutation.
   Will:      It increases your willpower.
   It has a curse which improves the following skills: Evocations: Evocations.
   Fortitude: Armour and Shields.
Jewellery
 g - the ring "Nolealuc" {rPois rC+ Int+6}
   (You took it off a deep elf demonologist on level 5 of the Vaults)

   [ring of protection from cold]

   Int:       It affects your intelligence (+6).
   rC:        It protects you from cold.
   rPois:     It protects you from poison.
 q - the cursed amulet of the Distant Gloom (around neck) {Spirit rCorr Int-3 Dex+9 Stlth-, Self, Range}
   (You took it off a deep elf annihilator on level 3 of the Elven Halls)

   [amulet of guardian spirit]

   It causes incoming damage to be divided between your reserves of health and
   magic.
   Int:       It affects your intelligence (-3).
   Dex:       It affects your dexterity (+9).
   rCorr:     It protects you from acid and corrosion.
   Stlth:     It makes you less stealthy.
   It has a curse which improves the following skills: Introspection: Fighting
   and Spellcasting.
   Ranged Combat: Ranged Weapons and Throwing.
 r - the cursed ring "Gaze Upon Infinity" (left hand) {rElec Dex+6, Melee, Fort}
   (You bought it in a shop on level 1 of the Orcish Mines)

   [ring of dexterity]

   Dex:       It affects your dexterity (+6).
   rElec:     It insulates you from electricity.
   It has a curse which improves the following skills: Melee Combat: Short
   Blades, Long Blades, Axes, Maces & Flails, Polearms, Staves and Unarmed
   Combat.
   Fortitude: Armour and Shields.
 W - the cursed ring "Share My Mistrust" (right hand) {Dex+6, Evo, Range}
   (You took it off a gnoll on level 4 of the Dungeon)

   [ring of dexterity]

   Dex:       It affects your dexterity (+6).
   It has a curse which improves the following skills: Evocations: Evocations.
   Ranged Combat: Ranged Weapons and Throwing.
Wands
 i - a wand of quicksilver (30)
 j - a wand of mindburst (15)
 v - a wand of digging (47)
 E - a wand of flame (161)
 I - a wand of roots (38)
 M - a wand of polymorph (47)
 Q - a wand of charming (58)
Scrolls
 d - 8 scrolls of poison
 k - 36 scrolls of teleportation
 o - 9 scrolls of magic mapping
 u - 11 scrolls of fear
 H - 4 scrolls of silence
 K - 8 scrolls of blinking
 O - 3 scrolls of butterflies
 T - 13 scrolls of fog
Potions
 b - 7 potions of berserk rage
 c - 2 potions of flight
 e - 9 potions of brilliance
 f - 18 potions of mutation
 h - 14 potions of ambrosia
 n - 4 potions of resistance
 x - 14 potions of might
 z - 7 potions of attraction
 B - 8 potions of cancellation
 D - 12 potions of heal wounds
 G - 30 potions of curing
 P - 8 potions of magic
 X - 4 potions of invisibility
 Z - 10 potions of haste
Miscellaneous
 t - a lightning rod (4/4)
 C - a box of beasts
 F - a condenser vane
 V - a phantom mirror


   Skills:
 - Level 25.5(27) Fighting
 - Level 25.6(27) Short Blades
 - Level 5.3(8.4) Ranged Weapons
 - Level 6.0(9.1) Throwing
 + Level 14.4(21.1) Armour
 O Level 27 Dodging
 O Level 27 Stealth
 + Level 16.5(23.1) Shields
 - Level 1.9(3.5) Spellcasting
 - Level 2.0(3.6) Transmutations
 - Level 2.0 Earth Magic
 - Level 3.1(6.6) Evocations


You had 31 spell levels left.
You knew the following spells:

 Your Spells              Type           Power      Damage    Failure   Level
a - Passwall              Tmut/Erth      4%         N/A       30%         2

Your spell library contained the following spells:

 Spells                   Type           Power      Damage    Failure   Level
 Beastly Appendage        Tmut           14%        N/A       14%         1
 Wereblood                Tmut           7%         N/A       22%         2
 Sandblast                Erth           8%         2d5       28%         1
 Sting                    Tmut/Pois      16%        1d3       30%         1
 Apportation              Tloc           2%         N/A       52%         1
 Kiss of Death            Conj/Necr      4%         2d5       52%         1
 Slow                     Hex            4%         N/A       52%         1
 Necrotise                Necr           4%         1d4       54%         1
 Summon Small Mammal      Summ           4%         N/A       54%         1
 Blink                    Tloc           2%         N/A       65%         2
 Lesser Beckoning         Tloc           2%         N/A       65%         2
 Momentum Strike          Conj/Tloc      2%         3d8       65%         2
 Spider Form              Tmut/Pois      4%         N/A       65%         3
 Cigotuvi's Dreadful Rot  Necr/Pois/Air  2%         N/A       67%         2
 Ensorcelled Hibernation  Hex/Ice        2%         N/A       67%         2
 Poisonous Vapours        Pois/Air       2%         N/A       67%         2
 Static Discharge         Conj/Air       2%         2-3/arc   67%         2
 Stone Arrow              Conj/Erth      6%         3d7       77%         3
 Confusing Touch          Hex            1%         N/A       87%         3
 Dazzling Flash           Conj/Hex       2%         N/A       87%         3
 Gell's Gravitas          Tloc           1%         N/A       87%         3
 Teleport Other           Tloc           1%         N/A       87%         3
 Inner Flame              Hex/Fire       1%         N/A       88%         3
 Mephitic Cloud           Conj/Pois/Air  1%         N/A       88%         3
 Vhi's Electric Charge    Tloc/Air       2%         N/A       88%         3
 Volatile Blastmotes      Fire/Tloc      2%         2d10      88%         3
 Swiftness                Air            1%         N/A       89%         3
 Vampiric Draining        Necr           1%         2d6       89%         3
 Anguish                  Hex/Necr       0%         N/A       99%         4
 Cause Fear               Hex            0%         N/A       99%         4
 Fulminant Prism          Conj/Hex       0%         3d5       99%         4
 Iskenderun's Mystic Bla  Conj/Tloc      1%         2d3       99%         4
 Leda's Liquefaction      Hex/Erth       1%         N/A       99%         4
 Manifold Assault         Tloc           1%         N/A       99%         4
 Olgreb's Toxic Radiance  Pois           1%         N/A       99%         4
 Blade Hands              Tmut           3%         N/A       99%         5
 Airstrike                Air            0%         2d(1-17)  100%        4
 Animate Dead             Necr           1%         N/A       100%        4
 Dispel Undead            Necr           1%         3d6       100%        4
 Summon Lightning Spire   Summ/Air       1%         N/A       100%        4
 Agony                    Necr           1%         N/A       100%        5
 Alistair's Intoxication  Tmut/Pois      2%         N/A       100%        5
 Arcjolt                  Conj/Air       0%         1d10      100%        5
 Borgnjor's Vile Clutch   Necr/Erth      1%         N/A       100%        5
 Fireball                 Conj/Fire      0%         3d3       100%        5
 Freezing Cloud           Conj/Ice/Air   0%         6-21      100%        5
 Irradiate                Conj/Tmut      2%         3d12      100%        5
 Iskenderun's Battlesphe  Conj           1%         2d6       100%        5
 Lee's Rapid Deconstruct  Erth           2%         3d4*      100%        5
 Silence                  Hex/Air        0%         N/A       100%        5
 Summon Forest            Summ/Tloc      0%         N/A       100%        5
 Summon Mana Viper        Hex/Summ       1%         N/A       100%        5
 Yara's Violent Unravell  Hex/Tmut       2%         3d3       100%        5
 Conjure Ball Lightning   Conj/Air       0%         3x3d6     100%        6
 Death Channel            Necr           0%         N/A       100%        6
 Dispersal                Tloc           0%         N/A       100%        6
 Eringya's Noxious Bog    Tmut/Pois      2%         N/A       100%        6
 Iron Shot                Conj/Erth      1%         9d1       100%        6
 Plasma Beam              Fire/Air       0%         2x1d11    100%        6
 Simulacrum               Ice/Necr       0%         N/A       100%        6
 Starburst                Conj/Fire      0%         6d3       100%        6
 Summon Cactus Giant      Summ           0%         N/A       100%        6
 Dragon Form              Tmut           3%         N/A       100%        7
 Enfeeble                 Hex            0%         N/A       100%        7
 Haunt                    Necr/Summ      0%         N/A       100%        7
 Malign Gateway           Summ/Tloc      0%         N/A       100%        7
 Storm Form               Tmut/Air       2%         N/A       100%        7
 Summon Hydra             Summ           0%         N/A       100%        7
 Discord                  Hex            0%         N/A       100%        8
 Disjunction              Tloc           0%         N/A       100%        8
 Ignition                 Fire           0%         3d3       100%        8
 Infestation              Necr           0%         N/A       100%        8
 Maxwell's Capacitive Co  Air            0%         ∞         100%        8
 Summon Horrible Things   Summ           0%         N/A       100%        8
 Chain Lightning          Conj/Air       0%         2d1       100%        9
 Dragon's Call            Summ           0%         N/A       100%        9


Dungeon Overview and Level Annotations

Branches:
Dungeon (15/15)            Temple (1/1) D:4            Lair (5/5) D:8
  Swamp (4/4) Lair:3       Spider (4/4) Lair:2        Slime (0/5) Lair:4
    Orc (2/2) D:12            Elf (3/3) Orc:2        Vaults (5/5) D:14
  Crypt (0/3) Vaults:3     Depths (4/4) D:15            Zot (5/5) Depths:4
  IceCv (visited)         Volcano (visited)          WizLab (visited)
Gauntlet (visited)

Altars:
Ashenzari
Cheibriados
Dithmenos
Elyvilon
Fedhas
Gozag
Hepliaklqana
Kikubaaqudgha
Makhleb
Nemelex Xobeh
Okawaru
Qazlal
Ru
Sif Muna
Trog
Uskayaw
Vehumet
Wu Jian
Xom
Yredelemnul
Zin
The Shining One
Jiyva

Shops:
D:5 ((   D:9 *   D:11 (   Orc:1 =   Orc:2 *(**!   Elf:1 =(:   Vaults:2 (
Vaults:4 ?   Depths:3 *

Portals:
Hell: Depths:1 Depths:2 Depths:3 Depths:4
Abyss: Depths:2 Depths:3
Pandemonium: Depths:1 Depths:2
Ziggurat: Depths:3

Annotations:
Zot:3 3 runed translucent doors, exclusion: obsidian statue, ShutUppercut's ghost, legendary DsGl


Innate Abilities, Weirdness & Mutations

You are small and have problems with some larger weapons.
You are completely attuned to the shadows.
Your magical capacity is low. (-10% MP)


Message History

There is a stone staircase leading down here.
(D) Dungeon (T) Temple (L) Lair (S) Swamp (N) Spider Nest (M) Slime Pits (O) Orcish Mines (E) Elven Halls (V) Vaults (C) Crypt (U) Depths (H) Hell (Z) Zot
Where to? (Enter - D:1 @ (x,y), ? - help)
A lorocyproca comes into view.
The lorocyproca completely misses you.
You spit the lorocyproca like a pig!!!!
You kill the lorocyproca!
You enter the shallow water.
Moving in this stuff is going to be slow.
(D) Dungeon (T) Temple (L) Lair (S) Swamp (N) Spider Nest (M) Slime Pits (O) Orcish Mines (E) Elven Halls (V) Vaults (C) Crypt (U) Depths (H) Hell (Z) Zot
Where to? (Enter - D:1 @ (x,y), ? - help)
There is a stone staircase leading up here.
You climb upwards.
There is a stone staircase leading down here.
A sixfirhy comes into view.
You perforate the sixfirhy like a sieve!!!
You kill the sixfirhy!
No target in view!
No target in view!
(D) Dungeon (T) Temple (L) Lair (S) Swamp (N) Spider Nest (M) Slime Pits (O) Orcish Mines (E) Elven Halls (V) Vaults (C) Crypt (U) Depths (H) Hell (Z) Zot
Where to? (Enter - D:1 @ (x,y), ? - help)
There is a stone staircase leading up here.
You climb upwards.
There is a stone staircase leading down here.
There is an escape hatch in the ceiling here.
A mysterious force pulls you upwards. The hatch slams shut behind you.
A soul eater comes into view.
Blink to where?
Press: ? - help, Dir - move target
As you read the scroll of blinking, it crumbles to dust.
You have escaped!

##..##.. ##.#.##..
########.###.#..
##.......## ##...
#######..######.###.#..
##{#.#.#.#.#.####.#.##..
#.#.#.#.#.#.#.# ##.#####
##.#.≈≈≈≈≈.#.## #(....#
#.#.#≈.@.≈#.#.# #####.#
##.#.≈(..≈.#.## #..
####.#.#≈...≈#.#.# ###
#...#.#.~~~~~.#.##
#.##.#.#.#.#.#.#.#
#.###.#.#.#.#.#.###
#....##.#..#......# #
#..####.##.####.#.#####
#
#..####.##.####.......#
#


There were no monsters in sight!

Vanquished Creatures
  2 pandemonium lords
  2 dread liches (Zot:5)
  Tiamat (Zot:3)
  3 ancient liches
  5 orbs of fire
  The ghost of Beclu the Imperceptible, a legendary GnSk of Dithmenos (Zot:2)
  3 juggernauts
  Vv (Depths:2)
  the Lernaean hydra (Swamp:4)
  10 Killer Klowns
  Bai Suzhen (Spider:4)
  Margery (Vaults:5)
  A curse toe (Zot:2)
  10 caustic shrikes
  9 golden dragons
  Jory (Vaults:4)
  Arachne (Spider:4)
  5 electric golems
  A Cloud Mage (WizLab)
  24 tentacled monstrosities
  3 liches
  Mlioglotl (Swamp:3)
  4 deep elf blademasters
  25 Orb Guardians (Zot:5)
  The ghost of Psyclone the Gelid, an adept DECj of Ashenzari (Elf:3)
  3 deep elf master archers
  12 quicksilver dragons
  3 titans
  A walking frostbound tome (Depths:2)
  The ghost of mrw3rdna the Scorcher, an adept DsFE of Vehumet (Spider:3)
  8 death cobs
  19 storm dragons
  Gastronok (Orc:1)
  4 sphinxes
  5 tengu reavers
  4 thorn hunters
  5 shadow dragons
  13 draconian monks
  A fenstrider witch (Swamp:4)
  5 draconian knights
  4 deep elf sorcerers
  4 fire giants
  An iron dragon (Depths:2)
  Aizul (Spider:4)
  9 ghost moths
  3 draconian scorchers
  16 vault wardens
  10 emperor scorpions
  6 frost giants
  5 draconian annihilators
  2 orc warlords
  3 draconian shifters
  10 draconian stormcallers
  6 deep elf elementalists (Elf:3)
  4 broodmothers
  4 cacodemons
  A reaper (Depths:1)
  21 ironbound preservers
  6 war gargoyles
  25 very ugly things
  13 stone giants
  7 eleionomae
  5 green draconians
  6 vampire knights
  4 spriggan defenders
  6 ironbound thunderhulks
  14 black draconians
  4 deep elf demonologists
  2 lorocyprocas
  3 deep elf annihilators (Elf:3)
  6 dire elephants
  30 purple draconians
  17 white draconians
  4 bunyips
  A minotaur (Gauntlet)
  10 spark wasps
  9 yellow draconians
  7 red draconians
  2 crystal guardians
  A blizzard demon (WizLab)
  Josephine (D:14)
  11 ettins
  A fire dragon (shapeshifter) (D:10)
  3 jiangshi (Depths:2)
  4 great orbs of eyes
  9 deep elf death magi
  5 deep elf high priests
  11 fire dragons
  An entropy weaver (shapeshifter) (Elf:3)
  4 entropy weavers
  18 yaktaur captains
  29 vault guards
  8 centaur warriors
  4 rakshasas
  6 peacekeepers
  14 hydras
  9 ice dragons
  2 jorogumos
  An anaconda (shapeshifter) (Vaults:5)
  3 boulder beetles
  6 ghost crabs
  9 ironbound frosthearts
  7 spriggan air magi
  7 ogre magi
  7 alligators
  A caustic shrike simulacrum (Depths:2)
  5 tengu warriors
  27 dancing weapons
  Erica (D:8)
  3 radroaches
  3 vampire magi
  A death scarab (Spider:3)
  23 two-headed ogres
  11 deep troll earth magi
  A thrashing horror (Gauntlet)
  5 deep troll shamans
  8 shock serpents
  4 spriggan berserkers
  A sun demon (Depths:1)
  4 death yaks (Lair:3)
  4 hell knights (Vaults:5)
  14 deep elf knights
  A skeletal warrior (D:10)
  Sonja (Orc:1)
  A skyshark (Lair:5)
  3 sixfirhies
  A glowing orange brain (Elf:3)
  4 goliath frogs
  8 iron trolls
  A storm dragon skeleton (Depths:2)
  3 flayed ghosts
  A spriggan druid (Swamp:3)
  76 deep trolls
  8 orb spiders
  3 bog bodies
  11 swamp dragons
  5 pharaoh ants
  10 deep elf archers
  4 steelbarb worms
  10 necromancers
  19 ironbound convokers
  21 lindwurms
  6 orc knights
  14 deep elf pyromancers
  10 wizards
  5 phantasmal warriors
  5 harpies (Vaults:4)
  A tengu skeleton (Vaults:3)
  10 wolf spiders
  45 ugly things
  16 deep elf zephyrmancers
  12 cyclopes
  7 manticores
  A stone giant zombie (Vaults:3)
  2 orc sorcerers
  A will-o-the-wisp (Swamp:4)
  23 moths of wrath
  An elephant (shapeshifter) (Elf:1)
  A frost giant skeleton (Depths:2)
  A sphinx skeleton (Depths:2)
  A moth of wrath (shapeshifter) (Vaults:5)
  The ghost of turdburglar the Ruffian, a novice TrEE (D:4)
  Joseph (Lair:1)
  9 black mambas
  3 demonic crawlers
  3 molten gargoyles
  A guardian serpent (Lair:5)
  11 elephants
  3 apocalypse crabs (WizLab)
  2 gargoyles
  24 vault sentinels
  An ice statue (IceCv)
  3 orange demons
  3 torpor snails
  An unseen horror (shapeshifter) (Elf:1)
  An unseen horror (D:13)
  A hellion (Zot:5)
  2 large abominations
  3 komodo dragons
  10 cane toads
  A kobold demonologist (D:9)
  4 freezing wraiths
  A rime drake (shapeshifter) (Elf:3)
  A rime drake (Lair:5)
  3 tengu conjurers
  An anaconda simulacrum (IceCv)
  A human skeleton (Vaults:3)
  35 yaktaurs
  A tormentor (D:11)
  An efreet (D:14)
  2 ice devils (D:11)
  A merfolk (shapeshifter) (Elf:3)
  6 meliai (Spider:3)
  An elf skeleton (Vaults:2)
  3 polar bears
  A queen bee (D:10)
  6 tyrant leeches
  A wind drake (WizLab)
  3 raiju (Zot:4)
  15 trolls
  A raiju (shapeshifter) (Elf:3)
  18 hornets
  A tengu simulacrum (Depths:2)
  20 tarantellas
  A hornet (shapeshifter) (Spider:3)
  10 blink frogs (Lair:2)
  Sigmund (D:4)
  11 air elementals
  An ettin skeleton (Vaults:2)
  A jumping spider (shapeshifter) (Vaults:5)
  13 spriggans
  29 slime creatures
  A yak (shapeshifter) (Elf:3)
  2 shadows (D:12)
  A dire elephant simulacrum (IceCv)
  17 culicivoras
  An elf simulacrum (Vaults:3)
  2 centaur simulacra
  4 fire bats (Volcano)
  24 jumping spiders
  A ynoxinul (D:15)
  Eustachio (D:5)
  8 water elementals
  2 fire elementals
  6 steam dragons
  A golden eye (shapeshifter) (Elf:3)
  10 vampire mosquitoes
  14 wyverns
  44 yaks
  6 wraiths
  A redback (shapeshifter) (Elf:3)
  A hog (shapeshifter) (Elf:3)
  4 basilisks
  A chaos spawn (Depths:1)
  65 redbacks
  9 swamp worms
  2 death yak simulacra (IceCv)
  23 water moccasins
  A hydra simulacrum (IceCv)
  7 wargs
  16 orc warriors
  12 swamp drakes
  3 black bears
  A sky beast (D:7)
  2 human zombies
  23 ogres
  31 wolves
  4 boggarts (D:15)
  2 phantoms
  10 centaurs
  3 elf zombies (Elf:1)
  8 bullfrogs
  A kobold brigand (D:8)
  2 scorpions
  3 gnoll sergeants
  3 cane toad simulacra (IceCv)
  2 earth elementals
  6 two-headed ogre simulacra (IceCv)
  5 jellies (D:7)
  5 wights (D:10)
  A troll zombie (D:12)
  3 elephant simulacra (IceCv)
  45 killer bees
  2 electric eels
  3 howler monkeys
  3 small abominations (Gauntlet)
  8 lava snakes (Volcano)
  4 hounds
  A gnoll bouda (D:4)
  9 orc priests
  Ijyb (D:5)
  Crazy Yiuf (D:7)
  Jessica (D:3)
  4 iguanas
  An iguana (shapeshifter) (Vaults:5)
  5 lightning spires (Zot:4)
  15 orc wizards
  4 troll simulacra (IceCv)
  3 spriggan simulacra (IceCv)
  3 polar bear simulacra (IceCv)
  5 ogre zombies (D:12)
  22 gnolls
  9 adders
  2 naga simulacra (IceCv)
  2 river rats (D:10)
  13 white imps
  8 ufetubi
  4 worms
  3 dart slugs
  58 orcs
  6 bats
  7 endoplasms
  5 giant cockroaches
  4 goblins
  11 hobgoblins
  14 kobolds
  4 quokkas
  9 ball pythons
  2 frilled lizards
  A goblin skeleton (D:12)
  4 goblin zombies (D:12)
  2 hobgoblin zombies (D:12)
  An orc skeleton (D:12)
  11 orc zombies (D:12)
  2 rats
  A ball lightning (Zot:4)
  A butterfly (Lair:1)
2150 creatures vanquished.

Vanquished Creatures (collateral kills)
  An anaconda simulacrum (IceCv)
  A redback (Spider:4)
2 creatures vanquished.

Vanquished Creatures (others)
  A storm dragon (Zot:4)
  A ghost moth (Zot:4)
  A black draconian (Zot:4)
  A spark wasp (WizLab)
  A blizzard demon (WizLab)
  A ghost crab (WizLab)
  3 shock serpents
  A death drake (WizLab)
  2 apocalypse crabs (WizLab)
  A wind drake (WizLab)
  A raiju (Gauntlet)
  2 air elementals (WizLab)
  A harpy simulacrum (IceCv)
  A large abomination (Elf:1)
  4 ball lightnings (Zot:4)
22 creatures vanquished.

Grand Total: 2174 creatures vanquished

Notes
Turn   | Place    | Note
-------+----------+-------------------------------------------
     0 | D:1      | LordWeiramon the Kobold Hunter began the quest for the Orb.
     0 | D:1      | Reached XP level 1. HP: 12/12 MP: 1/1
   185 | D:1      | You fall into a shaft and drop 1 floor!
   193 | D:2      | Reached XP level 2. HP: 18/18 MP: 2/2
   358 | D:1      | Reached XP level 3. HP: 23/23 MP: 3/3
   420 | D:1      | Reached skill level 1 in Short Blades
   828 | D:2      | Reached XP level 4. HP: 28/28 MP: 4/4
  1668 | D:3      | Noticed an ogre
  1870 | D:3      | Found a faded altar of an unknown god.
  1940 | D:3      | Noticed Jessica
  2107 | D:3      | Reached XP level 5. HP: 32/32 MP: 5/5
  2156 | D:3      | Found a hazy altar of Hepliaklqana.
  2232 | D:3      | Reached skill level 5 in Short Blades
  2699 | D:3      | Reached skill level 1 in Throwing
  2743 | D:4      | Reached XP level 6. HP: 37/37 MP: 6/6
  2952 | D:4      | Noticed Sigmund
  2961 | D:4      | Identified the +9 spear of Famine {chaos, Dex+2 SInv}
  3100 | D:4      | Found a staircase to the Ecumenical Temple.
  3106 | Temple   | Entered the Ecumenical Temple
  3124 | Temple   | Became a worshipper of Ashenzari the Shackled
  3297 | D:4      | Found a glowing silver altar of Zin.
  3297 | D:4      | Found an ornate altar of the Wu Jian Council.
  3574 | D:4      | Found a transporter.
  3699 | D:5      | Entered Level 5 of the Dungeon
  3871 | D:5      | Found Onlip's Weapon Shoppe.
  3962 | D:5      | Found a white marble altar of Elyvilon.
  3964 | D:5      | Noticed Eustachio
  3971 | D:5      | Killed Eustachio
  3972 | D:5      | Reached XP level 7. HP: 41/41 MP: 7/7
  4010 | D:5      | Noticed Ijyb
  4013 | D:5      | Killed Ijyb
  4018 | D:5      | Learned a level 2 spell: Passwall
  4649 | D:5      | Found Taichast's Weapon Emporium.
  4833 | D:6      | Reached XP level 8. HP: 46/46 MP: 8/8
  4907 | D:6      | Reached * piety under Ashenzari
  5139 | D:6      | Reached skill level 10 in Short Blades
  5153 | D:6      | Identified Peuxzerr's Grimoire of the Windy Cwm
  5289 | D:6      | Reached skill level 1 in Evocations
  5326 | D:6      | Found a bloodstained altar of Trog.
  5625 | D:3      | Killed Jessica
  5827 | D:3      | Reached skill level 5 in Stealth
  6072 | D:4      | Killed Sigmund
  6079 | D:4      | Found a transporter.
  6262 | D:7      | Reached skill level 5 in Dodging
  6262 | D:7      | Reached XP level 9. HP: 52/52 MP: 9/9
  6312 | D:7      | Reached ** piety under Ashenzari
  6445 | D:7      | Reached skill level 5 in Fighting
  6797 | D:7      | Noticed a hornet
  6800 | D:7      | Killed a hornet
  6801 | D:7      | Reached skill level 5 in Throwing
  7147 | D:7      | Noticed a two-headed ogre
  7223 | D:7      | Found a runed translucent door.
  7226 | D:7      | Noticed Crazy Yiuf
  7229 | D:7      | Killed Crazy Yiuf
  7324 | D:7      | Identified a scroll of acquirement
  7727 | D:7      | Reached XP level 10. HP: 46/61 MP: 10/10
  7864 | D:7      | Acquired a +0 rapier of speed
  8395 | D:8      | Found a staircase to the Lair.
  8594 | D:8      | Reached skill level 10 in Dodging
  8617 | D:8      | Found an iron altar of Okawaru.
  8691 | D:8      | Found a blossoming altar of Fedhas.
  8809 | D:8      | Reached skill level 1 in Shields
  8955 | D:8      | Noticed Erica
  8964 | D:8      | Killed Erica
  8965 | D:8      | Reached *** piety under Ashenzari
  9275 | D:9      | Noticed a kobold demonologist
  9278 | D:9      | Killed a kobold demonologist
  9309 | D:8      | Reached XP level 11. HP: 67/67 MP: 11/11
  9429 | D:9      | Reached skill level 5 in Shields
  9432 | D:9      | Reached skill level 1 in Armour
  9568 | D:9      | Noticed a six-headed hydra
 10313 | D:9      | Noticed a two-headed ogre
 10325 | D:9      | Killed a two-headed ogre
 10461 | D:10     | Entered Level 10 of the Dungeon
 10508 | D:10     | Reached **** piety under Ashenzari
 10571 | D:10     | Reached skill level 5 in Armour
 11249 | D:10     | Found a hide-covered altar of Uskayaw.
 12179 | D:10     | Noticed a skeletal warrior
 12179 | D:10     | Noticed an ogre mage
 12180 | D:10     | Noticed an ogre mage
 12180 | D:10     | Noticed a fire crab
 12361 | Lair:1   | Entered Level 1 of the Lair of Beasts
 12856 | Lair:1   | Noticed Joseph
 12860 | Lair:1   | Killed Joseph
 13049 | Lair:2   | Reached XP level 12. HP: 28/74 MP: 12/12
 14217 | Lair:2   | Found a hole to the Spider Nest.
 15399 | Lair:3   | Noticed a death yak
 15405 | Lair:3   | Noticed a death yak
 15421 | Lair:3   | Noticed a death yak
 15424 | Lair:3   | Noticed a death yak
 15431 | Lair:3   | Reached skill level 10 in Stealth
 15432 | Lair:3   | Killed a death yak
 15433 | Lair:3   | Reached XP level 13. HP: 76/86 MP: 13/13
 15609 | Lair:3   | Found a staircase to the Swamp.
 15811 | Lair:4   | Found a dark tunnel.
 15823 | Volcano  | Entered a volcano
 15915 | Volcano  | Found a radiant altar of Vehumet.
 15926 | Volcano  | Noticed a fire dragon
 15929 | Volcano  | Killed a fire dragon
 16407 | Lair:4   | Found a staircase to the Slime Pits.
 16408 | Lair:4   | Found a viscous altar of Jiyva.
 17841 | Lair:5   | Entered Level 5 of the Lair of Beasts
 18057 | Lair:5   | Reached XP level 14. HP: 92/92 MP: 14/14
 18838 | Lair:5   | Reached skill level 15 in Dodging
 19849 | Lair:5   | Identified the +4 plate armour of the Tormentor {Harm}
 20260 | D:9      | Found Xoyreizu's General Store.
 20263 | D:9      | Bought a scroll of teleportation for 36 gold pieces
 20263 | D:9      | Bought a wand of roots (1) for 28 gold pieces
 20263 | D:9      | Bought a potion of curing for 36 gold pieces
 20263 | D:9      | Bought a phantom mirror for 480 gold pieces
 20328 | D:9      | Found an opulent altar of Gozag.
 20333 | D:9      | Found a faded altar of an unknown god.
 20335 | D:9      | Found a basalt altar of Yredelemnul.
 20336 | D:9      | Found a shimmering altar of Xom.
 20341 | D:9      | Found a shimmering blue altar of Sif Muna.
 20578 | D:4      | Noticed turdburglar's ghost (novice TrEE)
 20599 | D:4      | Killed turdburglar's ghost
 20950 | D:10     | Reached skill level 15 in Stealth
 21149 | D:11     | Found Xuss's Antique Weapon Shop.
 21229 | D:11     | Found a frozen archway.
 21239 | IceCv    | Entered an ice cave
 21501 | IceCv    | Reached skill level 1 in Transmutations
 21501 | IceCv    | Reached skill level 1 in Earth Magic
 21541 | IceCv    | Reached skill level 1 in Spellcasting
 22002 | IceCv    | Noticed a reaper
 22202 | D:11     | Reached XP level 15. HP: 96/96 MP: 20/20
 22961 | D:12     | Found a staircase to the Orcish Mines.
 23110 | D:12     | Reached skill level 10 in Shields
 23692 | D:13     | Identified the +5 chain mail of Lamoh {Str+5 Slay+3 Stlth+}
 24568 | D:14     | Reached skill level 15 in Short Blades
 24836 | D:14     | Found a gate to the Vaults.
 25373 | D:14     | Noticed Josephine
 25458 | D:14     | Killed Josephine
 25818 | D:15     | Entered Level 15 of the Dungeon
 25850 | D:15     | Found a gate leading to a gauntlet.
 25856 | Gauntlet | Entered a Gauntlet
 25856 | Gauntlet | Found a transporter.
 25856 | Gauntlet | Found a transporter.
 25874 | Gauntlet | Found a transporter.
 25882 | Gauntlet | Found a transporter.
 25906 | Gauntlet | Found a transporter.
 25913 | Gauntlet | Found a transporter.
 25916 | Gauntlet | Reached ***** piety under Ashenzari
 26009 | Gauntlet | Found a transporter.
 26014 | Gauntlet | Found a transporter.
 26038 | Gauntlet | Found a transporter.
 26046 | Gauntlet | Found a transporter.
 26137 | Gauntlet | Found a transporter.
 26160 | Gauntlet | Found a transporter.
 26174 | Gauntlet | Identified the +3 pair of boots "Juvatew" {rPois Regen+}
 26175 | Gauntlet | Found a transporter.
 26175 | Gauntlet | Found a transporter.
 26178 | Gauntlet | Found a transporter.
 26233 | Gauntlet | Found a transporter.
 26901 | D:15     | Found a staircase to the Depths.
 27191 | D:14     | Reached XP level 16. HP: 100/100 MP: 20/20
 27705 | D:15     | Found a hide-covered altar of Uskayaw.
 27837 | Orc:1    | Entered Level 1 of the Orcish Mines
 27841 | Orc:1    | Noticed Sonja
 27855 | Orc:1    | Killed Sonja
 28305 | Orc:1    | Found Athra Lua's Jewellery Emporium.
 28322 | Orc:1    | Bought the ring "Wubileor" {rElec Dex+6} for 700 gold
                  | pieces
 28378 | Orc:2    | Entered Level 2 of the Orcish Mines
 28549 | Orc:2    | Found a staircase to the Elven Halls.
 28631 | Orc:1    | Noticed Gastronok
 28662 | Orc:1    | Killed Gastronok
 28872 | Orc:2    | Found Naastrety's Assorted Antiques.
 28873 | Orc:2    | Found Uheuko's Weapon Boutique.
 29390 | Orc:2    | Found Liuph's Distillery.
 29395 | Orc:2    | Found Xieroq's Assorted Antiques.
 29458 | Orc:2    | Found Neiry's Assorted Antiques.
 29712 | Orc:2    | Bought a glowing helmet for 247 gold pieces
 29744 | Orc:2    | Bought a blackened ring mail for 288 gold pieces
 29744 | Orc:2    | Identified the +5 ring mail of Icol {rPois rF- Str+4 Dex+5}
                  | (You bought it in a shop on level 2 of the Orcish Mines)
 29788 | Orc:2    | Bought a scroll of fear for 132 gold pieces
 29793 | Orc:2    | Bought a potion of might for 60 gold pieces
 29793 | Orc:2    | Bought a potion of curing for 45 gold pieces
 29793 | Orc:2    | Bought a potion of heal wounds for 75 gold pieces
 29793 | Orc:2    | Bought a potion of cancellation for 120 gold pieces
 30009 | Spider:1 | Entered Level 1 of the Spider Nest
 30607 | Spider:1 | Reached skill level 10 in Fighting
 31329 | Spider:2 | Noticed an emperor scorpion
 31337 | Spider:2 | Reached XP level 17. HP: 108/108 MP: 21/21
 32674 | Spider:3 | Reached XP level 18. HP: 116/116 MP: 22/22
 33464 | Spider:3 | Noticed mrw3rdna's ghost (adept DsFE)
 33682 | Spider:3 | Found a runed translucent door.
 33686 | Spider:3 | Killed mrw3rdna's ghost
 34009 | Spider:4 | Entered Level 4 of the Spider Nest
 34517 | Spider:4 | Noticed Bai Suzhen
 34705 | Spider:4 | Killed Bai Suzhen
 34849 | Spider:4 | Reached XP level 19. HP: 93/120 MP: 23/23
 35032 | Spider:4 | Noticed Arachne
 35061 | Spider:4 | Killed Arachne
 35077 | Spider:4 | Noticed Aizul
 35107 | Spider:4 | Killed Aizul
 35195 | Spider:4 | Got a gossamer rune of Zot
 35573 | Orc:1    | Bought an amulet of reflection for 420 gold pieces
 35797 | Swamp:1  | Entered Level 1 of the Swamp
 37716 | Swamp:3  | Noticed Mlioglotl
 37732 | Swamp:3  | Killed Mlioglotl
 38005 | Swamp:4  | Entered Level 4 of the Swamp
 38938 | Swamp:4  | Reached XP level 20. HP: 126/126 MP: 24/24
 38959 | Swamp:4  | Noticed the 27-headed Lernaean hydra
 39042 | Swamp:4  | Killed the 27-headed Lernaean hydra
 39269 | Swamp:4  | Got a decaying rune of Zot
 39966 | Vaults:1 | Entered Level 1 of the Vaults
 40050 | Vaults:1 | Found a magical portal.
 40058 | WizLab   | Entered The Chambers of the Cloud Mage
 40294 | WizLab   | Paralysed by an air elemental for 1 turns
 40311 | WizLab   | Paralysed by an air elemental for 1 turns
 40559 | WizLab   | Paralysed by an air elemental for 1 turns
 40641 | WizLab   | Noticed Usidusot
 40725 | WizLab   | Killed Usidusot the Cloud Mage
 40786 | WizLab   | Identified the Directory of Clouds
 40786 | WizLab   | Identified the ring "Juba" {Fly Dex+4}
 40787 | WizLab   | Identified Sif Muna's Collected Works on Gusty Poisoning
 41970 | Vaults:1 | Identified the +0 ring mail of Puzir {rElec Will+}
 42409 | Vaults:1 | Found the -2 hat of the Alchemist {rElec rPois rF+ rC+ rN+
                  | Will+ rMut rCorr}
 42529 | Vaults:1 | Reached XP level 21. HP: 131/131 MP: 25/25
 43057 | Vaults:2 | Reached skill level 27 in Stealth
 44596 | Vaults:2 | Found Nuifum's Weapon Shoppe.
 44601 | Vaults:2 | Bought a throwing net for 51 gold pieces
 45258 | Vaults:3 | Reached XP level 22. HP: 136/136 MP: 26/26
 46071 | Vaults:3 | Reached skill level 10 in Armour
 46520 | Vaults:3 | Found a staircase to the Crypt.
 47273 | D:9      | Bought a scroll of enchant armour for 90 gold pieces
 47455 | Orc:2    | Bought a scroll of enchant armour for 247 gold pieces
 48046 | Vaults:4 | Noticed Jory
 48054 | Vaults:4 | Killed Jory
 48606 | Vaults:4 | Found Funaudul's Magic Scroll Boutique.
 48611 | Vaults:4 | Bought a scroll of fear for 56 gold pieces
 48611 | Vaults:4 | Bought a scroll of fog for 56 gold pieces
 49112 | Elf:1    | Entered Level 1 of the Elven Halls
 49232 | Elf:1    | Identified the Commentary on Iniquitous Rituals
 49446 | Elf:1    | Found Sideot's Jewellery Shoppe.
 49453 | Elf:1    | Found Fuiph's Antique Weapon Emporium.
 49514 | Elf:1    | Found Ibuleom's Book Boutique.
 50081 | Elf:2    | Reached XP level 23. HP: 144/144 MP: 25/25
 50089 | Elf:2    | Reached skill level 15 in Fighting
 50243 | Elf:2    | Found a huge runed translucent gate.
 50244 | Elf:2    | Found a huge runed translucent gate.
 50244 | Elf:2    | Found a huge runed translucent gate.
 50244 | Elf:2    | Found a huge runed translucent gate.
 50245 | Elf:2    | Found a huge runed translucent gate.
 50245 | Elf:2    | Found a huge runed translucent gate.
 50246 | Elf:2    | Found a huge runed translucent gate.
 50247 | Elf:2    | Found a huge runed translucent gate.
 50247 | Elf:2    | Identified the +0 double sword "Nestyimp" {protect, rCorr
                  | Str+6 Dex+2}
 50513 | Elf:2    | Found a runed translucent gate.
 50513 | Elf:2    | Found a runed translucent gate.
 50514 | Elf:2    | Found a runed translucent gate.
 50660 | Elf:2    | Identified the +5 double sword "Tuet" {chaos, rC+}
 51250 | Elf:3    | Entered Level 3 of the Elven Halls
 51679 | Elf:3    | Found a runed translucent gate.
 51701 | Elf:3    | Found a runed translucent gate.
 51702 | Elf:3    | Found a runed translucent gate.
 52572 | Elf:3    | Identified the amulet "Toapp" {Spirit rCorr Int-3 Dex+9
                  | Stlth-}
 52686 | Elf:3    | Identified the Grimoire of the Volley
 52705 | Elf:3    | Identified the Meditations on Incineration and the Switch
 52824 | Elf:3    | Identified the staff of poison "Caofeon" {rPois rN+ Will+}
 52831 | Elf:3    | Found the dreamshard necklace {*Dream Drain}
 52832 | Elf:3    | Found the +8 trishula "Condemnation" {holy, anguish, *Noise
                  | Fly rN+}
 53173 | Elf:3    | Found a runed translucent gate.
 53173 | Elf:3    | Found a runed translucent gate.
 53175 | Elf:3    | Found a runed translucent gate.
 53188 | Elf:3    | Noticed Psyclone's ghost (adept DECj)
 53192 | Elf:3    | Reached XP level 24. HP: 156/156 MP: 25/25
 53277 | Elf:3    | Killed Psyclone's ghost
 53323 | Elf:3    | Identified the +1 cloak "Rawaichi" {rElec rCorr Str-3 SInv}
 53793 | Depths:1 | Entered Level 1 of the Depths
 53899 | Depths:1 | Reached XP level 25. HP: 148/162 MP: 22/25
 54103 | Depths:1 | Found a portal to a secret trove of treasure.
 54111 | Depths:1 | You paid a toll of 4 potions of resistance to enter a
                  | treasure trove
 54112 | Trove    | Entered a treasure trove
 54114 | Trove    | Identified the +9 arbalest "Qune Qoanuokk" {freeze, Stlth+}
 54114 | Trove    | Identified the +10 long sword of Chance {flame, rF+}
 54114 | Trove    | Identified the +0 pair of boots of Impermeability {rElec
                  | rN+ Will- Dex+3}
 54419 | Depths:1 | Found a gateway to Hell.
 54499 | Depths:1 | Found a one-way gate leading to the halls of Pandemonium.
 55011 | Depths:2 | Found a flickering gateway to a bazaar.
 55017 | Bazaar   | Entered a bazaar
 55021 | Bazaar   | Found Foegol's Weapon Shoppe.
 55027 | Bazaar   | Found Biclypse's Antique Weapon Emporium.
 55063 | Bazaar   | Found Xois's Jewellery Emporium.
 55073 | Bazaar   | Found Fykhohipt's Assorted Antiques.
 55078 | Bazaar   | Bought a potion of heal wounds for 145 gold pieces
 55078 | Bazaar   | Bought a potion of resistance for 290 gold pieces
 55078 | Bazaar   | Bought a twisted ivory wand for 116 gold pieces
 55078 | Bazaar   | Bought 2 potions of might for 232 gold pieces
 55078 | Bazaar   | Bought a potion of curing for 87 gold pieces
 55557 | Depths:2 | Noticed a juggernaut
 55648 | Depths:2 | Killed a juggernaut
 55915 | Depths:2 | Found a one-way gate to the infinite horrors of the Abyss.
 56061 | Depths:2 | Noticed Vv
 56069 | Depths:2 | Killed Vv
 56126 | Depths:2 | Found a shimmering blue altar of Sif Muna.
 56675 | Depths:3 | Found a one-way gateway to a ziggurat.
 57265 | Depths:3 | Found Raz Touk's Assorted Antiques.
 57285 | Depths:3 | Bought the +3 Mad Mage's Maulers {Infuse+∞ VampMP -Cast}
                  | for 1200 gold pieces
 57285 | Depths:3 | Found the +3 Mad Mage's Maulers {Infuse+∞ VampMP -Cast}
 57614 | Depths:3 | Reached XP level 26. HP: 175/175 MP: 25/25
 57897 | Depths:4 | Entered Level 4 of the Depths
 57897 | Depths:4 | Noticed a juggernaut
 57901 | Depths:4 | Killed a juggernaut
 57956 | Depths:4 | Noticed a juggernaut
 57968 | Depths:4 | Killed a juggernaut
 60398 | Depths:4 | Found a white marble altar of Elyvilon.
 60805 | Depths:4 | Found a gate to the Realm of Zot.
 61803 | Vaults:5 | Entered Level 5 of the Vaults
 62323 | Vaults:5 | Reached XP level 27. HP: 192/192 MP: 2/27
 62526 | Vaults:5 | Noticed an ancient lich
 62530 | Vaults:5 | Killed an ancient lich
 62684 | Vaults:5 | Noticed Margery
 62686 | Vaults:5 | Killed Margery
 63028 | Vaults:5 | Identified the +10 long sword of the Grand God {flame,
                  | Contam Int+4}
 63350 | Vaults:5 | Identified the ring "Nolealuc" {rPois rC+ Int+6}
 63519 | Vaults:5 | Identified the +6 hand axe of Debt {flame, MP+9}
 63873 | Vaults:5 | Got a silver rune of Zot
 64745 | Vaults:5 | Acquired a manual of Dodging
 64796 | Vaults:5 | Identified Ucisheish's Almanac of Rocky Formation
 64797 | Vaults:5 | Identified the +10 falchion of Dividends {flame, rPois
                  | rCorr Int+4 Dex-4}
 64797 | Vaults:5 | Identified the +6 falchion of Miwaun {flame, Contam rElec
                  | rC- Stlth+}
 64875 | Vaults:5 | Identified the +3 falchion "Spider's Demise" {freeze, rF++
                  | Dex+2}
 65568 | Zot:1    | Entered Level 1 of the Realm of Zot
 66652 | Zot:1    | Identified the +6 chain mail of Shrieking Miracles {rF+}
 66884 | Zot:1    | Noticed a Killer Klown
 66904 | Zot:1    | Killed a Killer Klown
 68493 | Zot:2    | Found a runed translucent door.
 68581 | Zot:2    | Noticed Beclu's ghost (legendary GnSk)
 68581 | Zot:2    | Identified the +0 pair of gloves of Conscience {Harm rElec
                  | Str+8 Dex-2}
 68616 | Zot:2    | Killed Beclu's ghost
 69358 | Zot:3    | Noticed an orb of fire
 69399 | Zot:3    | Killed an orb of fire
 69710 | Zot:3    | Reached skill level 27 in Dodging
 69855 | Zot:3    | Identified the +1 pair of gloves of Lumacig {-Tele rC+++
                  | rN++ Stlth-}
 69869 | Zot:3    | Found the +4 dragonskin cloak
 69869 | Zot:3    | Noticed Tiamat
 70121 | Zot:3    | Noticed an orb of fire
 70123 | Zot:3    | Killed an orb of fire
 71143 | Zot:3    | Found a runed translucent gate.
 71143 | Zot:3    | Found a runed translucent gate.
 71144 | Zot:3    | Found a runed translucent gate.
 71144 | Zot:3    | Noticed ShutUppercut's ghost (legendary DsGl)
 71145 | Zot:3    | Found an opulent altar of Gozag.
 71356 | Zot:3    | Killed Tiamat
 74189 | Zot:5    | Entered Level 5 of the Realm of Zot
 74958 | Zot:5    | Noticed a dread lich
 74979 | Zot:5    | Killed a dread lich
 75099 | Zot:5    | Noticed an orb of fire
 75107 | Zot:5    | Noticed an ancient lich
 75122 | Zot:5    | Killed an ancient lich
 75123 | Zot:5    | Reached skill level 15 in Shields
 75137 | Zot:5    | Killed an orb of fire
 75139 | Zot:5    | Noticed a Killer Klown
 75146 | Zot:5    | Noticed a Killer Klown
 75149 | Zot:5    | Noticed a Killer Klown
 75151 | Zot:5    | Killed a Killer Klown
 75158 | Zot:5    | Killed a Killer Klown
 75169 | Zot:5    | Killed a Killer Klown
 75213 | Zot:5    | Noticed a Killer Klown
 75215 | Zot:5    | Noticed a Killer Klown
 75221 | Zot:5    | Killed a Killer Klown
 75225 | Zot:5    | Killed a Killer Klown
 75232 | Zot:5    | Noticed a Killer Klown
 75248 | Zot:5    | Killed a Killer Klown
 75632 | Zot:5    | Noticed an orb of fire
 75632 | Zot:5    | Noticed an orb of fire
 75632 | Zot:5    | Noticed a dread lich
 75635 | Zot:5    | Gained mutation: Your magical capacity is low. (-10% MP)
                  | [an orb of fire]
 75660 | Zot:5    | Killed an orb of fire
 75677 | Zot:5    | Killed an orb of fire
 75685 | Zot:5    | Killed a dread lich
 75701 | Zot:5    | Noticed a Killer Klown
 75702 | Zot:5    | Noticed an ancient lich
 75711 | Zot:5    | Killed an ancient lich
 75719 | Zot:5    | Killed a Killer Klown
 75720 | Zot:5    | Noticed a Killer Klown
 75720 | Zot:5    | Noticed a Killer Klown
 75728 | Zot:5    | Killed a Killer Klown
 75739 | Zot:5    | Killed a Killer Klown
 76385 | Zot:5    | Got the Orb of Zot
 76551 | Depths:4 | Noticed Heal the pandemonium lord
 76563 | Depths:4 | Killed Heal the pandemonium lord
 76743 | D:15     | Noticed Bubomn the pandemonium lord
 76747 | D:15     | Killed Bubomn the pandemonium lord
 77029 | D:$      | Escaped with the Orb!

Illustrated notes

Levels and vault maps discovered:
D:1:      ncdulo_watergridlock, layout_loops_cross
D:2:      layout_loops_ring
D:3:      layout_rooms, nzn_hepliaklqana_mist_gate,
          dreamdust_ecumenical_altar_grove, chequers_serial_rivers_micro_c,
          st_stairs_10, dk_noncrumbling_2, kennysheep_cluttered_room,
          uniq_jessica
D:4:      layout_loops_ring, gammafunk_temple_overflow_elements,
          minmay_temple_entry_junction, gammafunk_ghost_gnarly_gnolls,
          minivault_19, serial_bayou_lagoon_a, grunt_ministairs_6, uniq_sigmund
D:5:      layout_basic, overflow_temple_1_default, serial_shops,
          nicolae_shop_rolling_square, nicolae_inconvenience_store,
          uniq_eustachio, uniq_ijyb
D:6:      layout_gridville, marbit_many_paths
D:7:      nicolae_cairo_tiling_very_big, layout_basic, uniq_crazy_yiuf_cottage
D:8:      layout_rooms, nicolae_overflow_hidden_temple,
          lemuel_coloured_pillars_altar, erik_lair_orcish_takeover,
          hex_intersection, uniq_erica
D:9:      layout_roguey, chequers_temple_overflow_minitemple, serial_shops,
          nicolae_shop_behind_doors
D:10:     minmay_bloctagon_deflated, layout_small_grid,
          mainiacjoe_overflow_chevrons, special_room [special_room_bee], pond
D:11:     layout_rooms, serial_shops, nicolae_shop_real_fake_doors, serial_ice,
          serial_ice_l, serial_ice_m, serial_ice_o, serial_ice_b,
          portal_ice_cave_demonic_guard
D:12:     layout_roguey, zombieorc1_lemuel
D:13:     layout_loops_cross
D:14:     layout_small_grid, david_vaults_1, uniq_josephine
D:15:     grunt_enter_depths_hoard, layout_basic, gauntlet_entry_generic,
          nicolae_uskayaw_suspiria, minivault_26
Temple:   eino_wide_crystal_templ
Lair:1:   layout_roguey, lemuel_fruit_fields, uniq_joseph
Lair:2:   layout_cave_pods, dummy_spider_entry, minivault_19
Lair:3:   layout_loops_ring, minmay_swamp_entry_swarm,
          chequers_serial_rivers_room_b, st_stairs_7, guppyfry_lair_drakes
Lair:4:   layout_cave_shapes, slime_entry_1, nicolae_volcano_entry_two_sided,
          st_stairs_8, lemuel_fruit_tree, wad_woods_river_01
Lair:5:   hangedman_lair_tendril_chambers, layout_regular_city,
          infiniplex_staircase_pool_2
Swamp:1:  layout_falls_marsh, serial_swamp_ruin, evilmike_swamp_ruin_rubble_1,
          evilmike_swamp_ruin_house_1
Swamp:2:  layout_basic_swamp, evilmike_swamp_ruin_house_3,
          infiniplex_staircase_pool
Swamp:3:  layout_falls_marsh, nicolae_swamp_big_swirl, swamp_pool5,
          lightli_tree_ring, uniq_mlioglotl
Swamp:4:  swamp_old_school, layout_basic_swamp, swamp_pool1,
          nicolae_swamp_small_spring
Spider:1: layout_cave_pods
Spider:2: layout_spider_delve, nicolae_spider_bug_shape
Spider:3: layout_chambers, gammafunk_ghost_grave, drop_trap,
          hellmonk_deceptive_appearances
Spider:4: grunt_spider_rune_circles, uniq_arachne, uniq_bai_suzhen, uniq_aizul
Orc:1:    layout_caves, basic_altar, serial_shops,
          nicolae_shop_competitors_out_of_business, uniq_sonja, uniq_gastronok
Orc:2:    st_orc_open, layout_caves, serial_shops, shop
Elf:1:    layout_geoelf_octagon, serial_shops, shop, minmay_elf_necromancy,
          nicolae_elf_martial_mastery, minmay_shoptagon
Elf:2:    nicolae_elf_blades_splatter_lattice [nicolae_blade_entry_pointy_end],
          layout_geoelf_grid, grunt_ministairs_10,
          nicolae_elf_double_double_double_trouble
Elf:3:    minmay_elf_hall_spiked, layout_loops_corners,
          ploomutoo_gammafunk_ghost_potion_laboratory
Vaults:1: mu_enter_wizlab_6, nicolae_vaults_wrenched, ontoclasm_vaults_chip,
          nicolae_vaults_offset_grid_hallway_4, hangedman_vaults_slice,
          nicolae_vaults_windows_and_doors_thing, hangedman_vaults_stitches,
          nicolae_vaults_shipping_containers_4, nicolae_vaults_cornered_office,
          nicolae_vaults_trapezoid_lopsided_1, layout_vaults_omnicross
Vaults:2: nicolae_vaults_thirteen_compartments, hangedman_vaults_nails,
          v_misc_14, nicolae_vaults_puzzle_piece,
          nicolae_vaults_trapezoid_lopsided_4, nicolae_vaults_mini_display_case,
          hangedman_vaults_stream, v_alt_pattern_6, vaults_standard_mumra_lines,
          nicolae_vaults_trapezoid_2, v_misc_8, vaults_dpeg_emergency_exit,
          vaults_dpeg_encased_lava, layout_vaults_ring, serial_shops, shop
Vaults:3: grunt_vaults_trifunnel, nicolae_vaults_closet_pinwheel_6,
          nicolae_vaults_heart-shaped_vault, nicolae_vaults_network_quinsquares
          [nicolae_vaults_network_quincunx_subvault,
          nicolae_vaults_network_quincunx_subvault,
          nicolae_vaults_network_quincunx_subvault,
          nicolae_vaults_network_quincunx_subvault],
          nicolae_vaults_lightning_bolt, v_misc_12, hangedman_vaults_hat,
          nicolae_vaults_little_squares_1, vaults_room_stairs_pillars,
          nicolae_vaults_trapezoid_lopsided_3, minmay_crypt_entry_simple_box,
          layout_vaults_omnigrid
Vaults:4: v_misc_28, grunt_vaults_hallway_long, ontoclasm_vaults_spin,
          v_misc_25, hangedman_vaults_pinch, nicolae_vaults_more_shelving_1,
          v_rooms_5, nicolae_vaults_mitosis, ontoclasm_vaults_decontamination,
          nicolae_vaults_tetromino_Z_2, layout_vaults_big_room, serial_shops,
          shop, uniq_jory
Vaults:5: uniq_margery
Depths:1: layout_cave_pools, hell_entry, rand_demon_pan_entry_8, enter_trove_2,
          grunt_ministairs_4, hangedman_decor_clover_reticule,
          kennysheep_nondescript, nrook_mini_backslash,
          kennysheep_generic_room_16, firewood_loft
Depths:2: grunt_deathspiral_small, layout_cross, abyss_entry, pan_entry,
          serial_shops, bzr_entry_safe, old_standard_altar,
          grunt_hell_entry_dis_old, uniq_vv
Depths:3: kennysheep_scales, layout_gridlike, enter_ziggurat_e, hell_entry,
          serial_shops, nicolae_shop_peninsula, nicolae_figureground_sparkle,
          abyss_entry
Depths:4: evilmike_zot_entry_hall, layout_long_grid, pf_coc_iceberg,
          elyvilon_altar_1, minmay_crystal_water
Zot:1:    cheibrodos_zot_enchanting_chambers, layout_misc_corridors
Zot:2:    kennysheep_room_grid, layout_misc_corridors,
          ebering_ghost_reflecting_pool
Zot:3:    layout_onion, ebering_ghost_gozag, uniq_tiamat
Zot:4:    infiniplex_zot_generator, layout_gridlike, hangedman_zot_decor_slant
Zot:5:    layout_twisted_circle

Skill      XL: |  1  2  3  4  5  6  7  8  9 10 11 12 13 14 15 16 17 18 19 20 21 22 23 24 25 26 27 |
---------------+----------------------------------------------------------------------------------+-----
Fighting       | 3 5 9 10 12 14 17 20 23 25 | 25.5
Stealth        | 2 3 5 7 10 11 15 19 21 26 27 | 27.0
Short Blades   | 3 4 5 7 9 10 12 13 16 18 21 22 25 | 25.6
Throwing       | 2 6 |  6.0
Dodging        | 3 5 6 10 11 13 15 17 18 20 27 | 27.0
Evocations     | 3 |  3.1
Shields        | 4 5 8 10 12 13 16 | 16.5
Armour         | 5 6 8 10 14 | 14.4
Transmutations | 2 |  2.0
Earth Magic    | 2 |  2.0
Spellcasting   | 1 |  1.9
Ranged Weapons | |  5.3

Action                     |  1- 3 |  4- 6 |  7- 9 | 10-12 | 13-15 | 16-18 | 19-21 | 22-24 | 25-27 || total
---------------------------+-------+-------+-------+-------+-------+-------+-------+-------+-------++-------
  Melee: Short sword       |     2 |   187 |   281 |   534 |       |       |       |       |       ||  1004
         Punch             |       |     7 |     6 |     9 |       |       |       |       |       ||    22
         Rapier            |       |       |       |   735 |  1748 |  1448 |  2147 |  1200 |  3459 || 10737
   Fire: Shortbow          |    77 |    13 |       |       |       |       |       |       |       ||    90
  Throw: Boomerang         |       |     1 |       |       |    24 |       |       |       |       ||    25
         Dart              |       |     5 |    10 |    17 |     3 |     9 |     5 |     2 |     3 ||    54
         Throwing net      |       |       |       |       |     1 |     1 |     2 |     2 |     4 ||    10
   Cast: Passwall          |       |       |       |       |     3 |       |       |     1 |       ||     4
 Invoke: Curse Item        |       |       |     3 |     5 |     3 |     1 |     1 |     2 |     3 ||    18
         Shatter the Chain |       |       |       |     2 |     2 |     1 |     2 |     2 |     1 ||    10
  Evoke: Wand              |       |       |    18 |    12 |     9 |     9 |       |     1 |     1 ||    50
         Condenser vane    |       |       |       |     1 |     2 |     2 |     1 |     1 |     2 ||     9
         Phantom mirror    |       |       |       |       |       |     1 |     1 |     1 |       ||     3
         Box of beasts     |       |       |       |       |       |     1 |     1 |       |       ||     2
         Lightning rod     |       |       |       |       |       |       |     1 |       |       ||     1
    Use: Scroll            |       |     4 |     3 |     5 |     4 |     5 |     6 |     9 |    12 ||    48
         Potion            |       |     3 |       |     6 |     3 |     1 |     7 |     3 |     9 ||    32
   Stab: Sleeping          |     2 |    14 |    11 |    22 |   104 |    92 |   113 |   108 |    81 ||   547
         Distracted        |       |     2 |     4 |     1 |    10 |    15 |    23 |    13 |    35 ||   103
         Invisible         |       |     2 |     2 |       |     4 |       |     2 |       |    17 ||    27
         Held in net/web   |       |       |       |       |     1 |     2 |     1 |     3 |    10 ||    17
         Confused          |       |       |       |       |     1 |       |       |       |     3 ||     4
         Betrayed ally     |       |       |       |       |       |     1 |       |       |       ||     1
         Paralysed         |       |       |       |       |       |       |       |       |     1 ||     1
 Armour: Leather armour    |     7 |    22 |    58 |   131 |    63 |    52 |    81 |     8 |       ||   422
         Swamp dragon scal |       |       |       |       |       |       |       |    58 |   173 ||   231
  Dodge: Dodged            |    30 |    93 |   145 |   632 |   663 |   576 |   687 |   477 |  1799 ||  5102
  Block: Kite shield       |       |       |       |   705 |   775 |   875 |  1291 |   768 |  2108 ||  6522
         Buckler           |       |       |       |       |    14 |       |       |       |       ||    14
         Reflection        |       |       |       |       |       |       |    13 |    29 |       ||    42
